 Dungeon Crawl Stone Soup version 0.26-a0-64-g059e62fbdb (webtiles) character file.

Game seed: 13161444522987674836

21 inmateoo the Ducker (level 2, -3/14 HPs)
             Began as a Felid Fighter on June 11, 2020.
             Engulfed by a cloud of flame (17 damage)
             ... on level 1 of the Dungeon.
             The game lasted 00:00:51 (408 turns).

inmateoo the Ducker (Felid Fighter)                  Turns: 408, Time: 00:00:52

Health: -3/14      AC:  1    Str: 12    XL:     2   Next: 62%
Magic:  3/3        EV: 19    Int:  9    God:
Gold:   19         SH:  0    Dex: 15    Spells: 1/1 levels left
                                        Lives:  0   Deaths: 0

rFire    . . .     SeeInvis +     - Unarmed
rCold    . . .     Gourm    .   (shield unavailable)
rNeg     . . .     Faith    .   (armour unavailable)
rPois    .         Spirit   .   (helmet unavailable)
rElec    .         Reflect  .   (cloak unavailable)
rCorr    .         Harm     .   (gloves unavailable)
MR       .....                  (boots unavailable)
Stlth    +++.......             (no amulet)
HPRegen  0.04/turn              (no ring)
MPRegen  0.08/turn              (no ring)

@: quick
A: very small, no armour, no weapons or thrown items, stealth, claws 1, fangs 3,
see invisible, carnivore, speed 1, shaggy fur 1, slow metabolism 1, sharp paws
a: no special abilities


You were on level 1 of the Dungeon.
You were completely stuffed.

You visited 1 branch of the dungeon, and saw 1 of its levels.

You collected 19 gold pieces.

Inventory:

Potions
 a - a potion of might
 c - a potion of mutation {unknown}
 e - 3 potions of curing {unknown}
 g - a potion of degeneration
Comestibles
 b - 3 rations


   Skills:
 + Level 3.3 Fighting
 - Level 4.0 Dodging
 * Level 2.8 Stealth
 - Level 4.0 Unarmed Combat


You had one spell level left.
You didn't know any spells.
Your spell library was empty.

Dungeon Overview and Level Annotations

Branches:
Dungeon (1/15)

Altars:


Innate Abilities, Weirdness & Mutations

You cannot wear armour.
You are incapable of wielding weapons or throwing items.
Your paws allow you to move quietly. (Stealth)
You have sharp claws.
You have razor-sharp teeth.
You have supernaturally acute eyesight. (SInv)
You are carnivorous and can eat meat at any time.
You cover ground quickly.
You are covered in fur. (AC +1)
You have a slow metabolism.
Your sharp claws are effective at attacking unaware monsters.


Message History

The goblin closely misses you.
There is an open door here.
A goblin is nearby!
You barely miss the goblin. You barely miss the goblin. The goblin misses you.
You scratch the goblin. You bite the goblin.
You kill the goblin!
No target in view!
You open the door.
There is an open door here.
Key pressed, stopping explore.
No target in view!
You're in a travel-excluded area, stopping explore.
No target in view!
You're in a travel-excluded area, stopping explore.
No target in view!
c - a silvery potion You are engulfed in blazing flames.
Ouch! That really hurt!
You die...

...........#.####
..........##.(..##
.#..##.#.###.##..#
##.......# #.###.#########
.###†....# #'#...........#
...).....# #)#...........#
##.......###'#.#.$#..#...#
†..##........+.○☼........#
#####.....####.8@☼......<#
#........'..§........###
###...##'#.#..#..#...#.#
##...#.#...........#.# ###
#.###+#...........#.# ..##
#...#.###.#########.#
...##
###.#...............#
....# #.##.............##
....# #.##......#.....##


There were no monsters in sight!

Vanquished Creatures
  2 ball pythons (D:1)
  4 goblins (D:1)
  3 hobgoblins (D:1)
  5 bats (D:1)
  5 frilled lizards (D:1)
  A kobold (D:1)
  A rat (D:1)
21 creatures vanquished.

Notes
Turn   | Place    | Note
-------+----------+-------------------------------------------
     0 | D:1      | inmateoo the Felid Fighter began the quest for the Orb.
     0 | D:1      | Reached XP level 1. HP: 10/10 MP: 2/2
    73 | D:1      | Reached skill level 1 in Stealth
   180 | D:1      | Reached XP level 2. HP: 13/14 MP: 3/3
   408 | D:1      | Engulfed by a cloud of flame

Illustrated notes

Levels and vault maps discovered:
D:1:      shiori_arrival_oz, layout_rooms

Skill      XL: |  1 |
---------------+----+-----
Stealth        | 2 |  2.8
Fighting       | |  3.3
Dodging        | |  4.0
Unarmed Combat | |  4.0

Action                   || total
-------------------------++-------
Melee: Unarmed           ||    40
       Bite              ||     4
       Punch             ||     1
  Use: Scroll            ||     4
 Stab: Sleeping          ||     2
  Eat: Chunk             ||     6
Armor: Skin              ||     2
Dodge: Dodged            ||    28

Table legend:
 A = Non-vault XP
 B = Vault XP
 C = Vault XP percentage of total XP
 D = Non-vault monster count
 E = Vault monster count
 F = Vault count percentage of total count
                 A         B        C        D         E       F
            +---------+---------+-------+---------+---------+-------
      Total |      27 |       3 |  10.0 |      19 |       2 |   9.5
            +---------+---------+-------+---------+---------+-------
        D:1 |      27 |       3 |  10.0 |      19 |       2 |   9.5
            +---------+---------+-------+---------+---------+-------
